AoeStats
← zamithdaniel

Nomad

505100799Analyzed
3v3 RM · 26d ago on Sep 7, 2026· 65m 44s· 6 players
Game mode
Random Map
Map size
210×210
Population
200
Speed
Normal
Resources
Standard
Victory
Conquest
Starting age
Dark Age
Ending age
Imperial Age
RankedLock teamsTeams togetherTeam positionsShared explorationLock speedFull tech treeHidden civsTurbo modeCheats
Victory
Defeat
🇬🇧 Italians · United Kingdom
1049
+11
🇬🇧 Persians · United Kingdom
1015
+13
🇬🇧 Japanese · United Kingdom
928
+16
🇨🇴 Vietnamese · Colombia
963
-14
🇨🇴 Japanese · Colombia
939
-13
🇨🇴 Celts · Colombia
927
-13
Dovahkyn
9:04 Loom
15:22 Feudal Age
30:09 Castle Age
31:38 Fletching
31:49 Padded Archer Armor
34:42 Imperial Age
32:17 Demolition Ship
33:13 Medium Warships
33:43 Forging
33:33 Scale Mail Armor
36:41 Chain Mail Armor
38:08 Conscription
39:45 Iron Casting
40:22 Wheelbarrow
40:08 Fishing Lines
42:40 Town Watch
43:14 Hand Cart
44:33 Elite Samurai
45:34 Kataparuto
45:42 Kataparuto
45:40 Gillnets
47:56 Blast Furnace
47:27 Plate Mail Armor
63:34 Coinage
65:44 Squires
65:05 Pikeman
WololoJedi
6:51 Loom
15:11 Feudal Age
16:33 Wheelbarrow
16:02 Horse Collar
16:43 Double-Bit Axe
21:15 Gold Mining
26:26 Castle Age
25:30 Forging
25:26 Scale Barding Armor
25:33 Bloodlines
25:17 Stone Mining
25:41 Fletching
25:52 Padded Archer Armor
25:52 Scale Mail Armor
27:41 Hand Cart
27:49 Bow Saw
28:10 Medium Warships
27:24 Demolition Ship
28:16 Heavy Plow
27:42 Light Cavalry
28:22 Husbandry
29:20 Bodkin Arrow
29:40 Leather Archer Armor
30:24 Stone Shaft Mining
39:30 Imperial Age
36:47 Town Watch
37:33 Town Patrol
38:09 Fortified Wall
38:02 Fishing Lines
37:47 Man-at-Arms
39:28 Pikeman
40:08 Squires
39:54 Arson
42:30 Hoardings
41:26 Sappers
41:56 Chatras
42:06 Long Swordsman
45:45 Paper Money
46:15 Crossbowman
47:04 Thumb Ring
46:39 Elite Fire Lancer
47:53 Elite Skirmisher
47:54 Arbalester
50:06 Chemistry
49:26 Ballistics
50:00 Ring Archer Armor
50:06 Iron Casting
49:35 Capped Ram
50:01 Halberdier
50:21 Imperial Skirmisher
55:46 Heated Shot
55:37 Treadmill Crane
58:00 Two-Man Saw
57:32 Cavalier
zamithdaniel
15:08 Feudal Age
15:59 Double-Bit Axe
23:13 Horse Collar
30:19 Castle Age
34:58 Scale Mail Armor
35:09 Forging
36:35 Gold Mining
38:31 Chain Mail Armor
45:50 Iron Casting
48:44 Imperial Age
48:29 Fishing Lines
52:38 Blast Furnace
53:19 Pikeman
54:23 Elite Woad Raider
54:29 Elite Woad Raider
56:09 Plate Mail Armor
Bigus Dicus
7:10 Loom
14:22 Feudal Age
18:45 Double-Bit Axe
21:22 Castle Age
20:57 Fletching
21:07 Padded Archer Armor
22:38 Bow Saw
22:32 Bodkin Arrow
25:02 Medium Warships
25:05 Gold Mining
25:48 Bloodlines
29:27 Leather Archer Armor
39:33 Imperial Age
37:40 Wheelbarrow
36:58 Fishing Lines
37:55 Murder Holes
38:23 Ballistics
38:01 Treadmill Crane
39:21 Hand Cart
40:10 Gillnets
42:37 Conscription
43:55 Chemistry
43:30 Ring Archer Armor
43:00 Bracer
44:11 Thumb Ring
49:26 Elite Skirmisher
55:50 Conscription
57:52 Pirotechnia
63:37 Pirotechnia
Bad Boy Bidwa
16:16 Feudal Age
16:58 Loom
18:54 Double-Bit Axe
24:30 Castle Age
25:22 Bow Saw
30:28 Horse Collar
32:45 Heavy Plow
33:11 Gold Mining
35:34 Bloodlines
35:25 Husbandry
35:36 Forging
35:31 Scale Barding Armor
36:45 Fletching
37:20 Ballistics
37:12 Stone Mining
37:58 Gold Shaft Mining
38:54 Bodkin Arrow
39:35 Iron Casting
39:21 Chain Barding Armor
41:37 Imperial Age
39:43 Wheelbarrow
41:03 Hand Cart
42:44 Crop Rotation
43:15 Two-Man Saw
42:02 Cavalier
43:45 Blast Furnace
43:20 Plate Barding Armor
46:53 Savar
58:32 Chemistry
HELLBLAZER
7:30 Loom
18:29 Feudal Age
21:59 Castle Age
19:54 Fishing Lines
21:53 Wheelbarrow
21:06 Double-Bit Axe
21:17 Gold Mining
22:57 Wheelbarrow
24:06 Bow Saw
23:57 Stone Mining
24:23 Medium Warships
24:28 Gillnets
27:22 Demolition Ship
28:31 Hand Cart
29:37 Gold Shaft Mining
34:23 Imperial Age
34:00 Gambesons
33:38 Man-at-Arms
34:20 Squires
34:06 Arson
34:46 Forging
34:37 Scale Mail Armor
34:44 Long Swordsman
36:03 Iron Casting
36:22 Kataparuto
38:23 Two-Man Saw
37:47 Two-Handed Swordsman
39:16 Conscription
40:03 Fletching
44:17 Blast Furnace
46:51 Bodkin Arrow
47:12 Chain Mail Armor
46:21 Champion
52:21 Town Watch
57:43 Fervor
57:32 Herbal Medicine
57:43 Treadmill Crane
59:04 Chemistry
58:25 Ballistics
58:16 Masonry
58:03 Murder Holes
58:13 Siege Engineers
58:31 Shipwright
58:21 Careening
62:00 Elite Samurai
63:15 Heavy Warships
Connection lost

Rejoining the realm…

Still unreachable

The connection could not be restored.

Session expired

The server has moved on; the page needs a fresh start.